 Dungeon Crawl Stone Soup version 0.20.0-15-g7f486f2 (webtiles) character file.

403 skittles the Firebug (level 6, -3/45 HPs)
             Began as a Draconian Fire Elementalist on June 19, 2017.
             Slain by a wraith (10 damage)
             ... in an ossuary.
             The game lasted 00:13:09 (4529 turns).

skittles the Firebug (Draconian Fire Elementalist)  Turns: 4529, Time: 00:13:12

Health: -3/45      AC:  9    Str: 14    XL:     6   Next: 55%
Magic:  1/11       EV: 12    Int: 18    God:
Gold:   165        SH:  0    Dex:  8    Spells: 4/12 levels left

rFire    . . .     SeeInvis .   x - +2 falchion (holy)
rCold    . . .     Gourm    .   (no shield)
rNeg     . . .     Faith    .   (armour unavailable)
rPois    .         Spirit   .   (helmet restricted)
rElec    .         Reflect  .   k - +0 cloak
rCorr    .         Harm     .   j - +1 pair of gloves
MR       .....                  (no boots)
Stlth    ++........             (no amulet)
Regen    0.2/turn               m - -3 ring of dexterity (curse)
MPRegen  0.2/turn               t - +4 ring of strength

@: flying, very slightly contaminated, slowed, very slow
A: unfitting armour, cold-blooded, AC +6
a: no special abilities


You were in an ossuary.
You were not hungry.

You visited 1 branch of the dungeon, and saw 4 of its levels.
You also visited: Ossuary.

You collected 165 gold pieces.

Inventory:

Hand Weapons
 f - a +1 dagger of draining
 p - a +1 dagger of venom
 u - a +1 vampiric spear
 x - a +2 falchion of holy wrath (weapon)
 y - a +0 morningstar
Armour
 j - a +1 pair of gloves (worn)
 k - a +0 cloak (worn)
Magical Staves
 z - an uncursed staff of earth
Jewellery
 m - a cursed -3 ring of dexterity (left hand)
 o - a +3 ring of dexterity
 r - an uncursed amulet of harm
 t - a +4 ring of strength (right hand)
Wands
 w - a wand of iceblast (6/15)
 B - a wand of flame (25/48)
Scrolls
 e - 2 scrolls of immolation
 g - 2 scrolls of amnesia {unknown}
 l - 3 scrolls of teleportation {unknown}
 n - 2 scrolls of enchant armour
 q - a scroll of enchant weapon {unknown}
 s - 4 scrolls of identify {unknown}
 v - a scroll of blinking {unknown}
Potions
 c - 2 potions of flight
 d - a potion of mutation {unknown}
 i - a potion of magic {unknown}
 D - a potion of heal wounds {unknown}
Books
 a - a book of Flames

   Spells                             Type                      Level
   a - Flame Tongue                   Conjuration/Fire             1
   b - Throw Flame                    Conjuration/Fire             2
   c - Conjure Flame                  Conjuration/Fire             3
   d - Inner Flame                    Hexes/Fire                   3
   e - Sticky Flame                   Conjuration/Fire             4
   f - Fireball                       Conjuration/Fire             5
 A - a book of Air

   Spells                             Type                      Level
   a - Shock                          Conjuration/Air              1
   b - Swiftness                      Charms/Air                   2
   c - Static Discharge               Conjuration/Air              3
   d - Airstrike                      Air                          4
   e - Lightning Bolt                 Conjuration/Air              5
Comestibles
 b - 4 bread rations
 h - 3 meat rations
 C - 2 chunks of flesh


   Skills:
 - Level 1.7 Dodging
 - Level 1.7 Stealth
 + Level 3.8 Spellcasting
 + Level 4.2 Conjurations
 + Level 4.8 Fire Magic


You had 4 spell levels left.
You knew the following spells:

 Your Spells              Type           Power        Failure   Level  Hunger
a - Flame Tongue          Conj/Fire      ###..        2%          1    None
b - Conjure Flame         Conj/Fire      ###.....     7%          3    ###....
c - Sticky Flame          Conj/Fire      ###.....     22%         4    ####...


Dungeon Overview and Level Annotations

Branches:
Dungeon (4/15)
 Temple: D:4-7

Altars:
Cheibriados
Gozag


Innate Abilities, Weirdness & Mutations

Your plain brown scales are hard. (AC +6)
You cannot fit into any form of body armour.
You are cold-blooded and may be slowed by cold attacks.


Message History

You barely miss the wraith.
The wraith is severely damaged.
The wraith hits you. The wraith drains your vigour!
You feel as though you will be slow longer.
The wraith hits you!
* * * LOW HITPOINT WARNING * * *
You hit the wraith but do no damage.
The wraith is severely damaged.
The wraith hits you.
* * * LOW HITPOINT WARNING * * *
The wraith drains your vigour!
You feel as though you will be slow longer.
The wraith barely misses you.
It was a potion of flight.
You feel very buoyant.
You fly up into the air.
The wraith closely misses you.
You riposte.
You hit the wraith.
The wraith convulses.
The wraith is severely damaged.
The wraith hits you!
You die...

+.. +...8...+ ..+
###.####.....####.###
........^............
........#.#.........
##......#+#......##
+...8...# #...8...+
.####......###......##
.......................
........@..............
#.#..#W#..#.#..#.#..#.
# #'#^.#+#..#+#..#
#!#..# #..# .# ###..#
#..# .... .... ......
.... ######


You could see a wraith.

Vanquished Creatures
  A phantom (D:4)
  A scorpion (D:3)
  A bullfrog skeleton (D:4)
  An orc priest (D:3)
  3 gnolls (D:3)
  4 adders
  2 shadow imps (D:3)
  An ooze (D:2)
  A worm (D:4)
  5 dart slugs
  23 orcs
  5 giant cockroaches
  14 hobgoblins
  6 kobolds
  A quokka (D:2)
  6 bats
  4 frilled lizards
  A gnoll zombie (Ossuary)
  9 goblins
  5 goblin zombies (Ossuary)
  2 kobold zombies (Ossuary)
  A quokka skeleton (D:3)
  5 rats
  A bush (D:3)
103 creatures vanquished.

Notes
Turn   | Place    | Note
-------+----------+-------------------------------------------
     0 | D:1      | skittles the Draconian Fire Elementalist began the quest for the Orb.
     0 | D:1      | Reached XP level 1. HP: 14/14 MP: 3/3
   361 | D:1      | Reached XP level 2. HP: 17/20 MP: 3/5
  1021 | D:2      | Reached XP level 3. HP: 24/26 MP: 6/6
  1114 | D:2      | Found a snail-covered altar of Cheibriados.
  1807 | D:2      | Learned a level 3 spell: Conjure Flame
  1930 | D:3      | Reached XP level 4. HP: 29/33 MP: 6/8
  2248 | D:3      | Found a transporter.
  2462 | D:3      | Reached XP level 5. HP: 38/38 MP: 9/9
  3120 | D:3      | Learned a level 4 spell: Sticky Flame
  4154 | D:3      | Reached XP level 6. HP: 45/45 MP: 8/11
  4163 | D:3      | Found a transporter.
  4321 | D:4      | Found an opulent altar of Gozag.
  4437 | D:4      | Found a sand-covered staircase.
  4443 | Ossuary  | Entered an ossuary
  4443 | Ossuary  | Noticed a wraith
  4443 | Ossuary  | Noticed a wraith
  4443 | Ossuary  | Noticed a wraith
  4514 | Ossuary  | Noticed a wraith
  4529 | Ossuary  | Slain by a wraith

Skill      XL: |  1  2  3  4  5  6 |
---------------+-------------------+-----
Conjurations   | 2 3 4 |  4.2
Spellcasting   | 3 |  3.8
Fire Magic     | 4 |  4.8
Dodging        | |  1.7
Stealth        | |  1.7

Action                   |  1- 3 |  4- 6 || total
-------------------------+-------+-------++-------
Melee: Dagger            |    83 |   188 ||   271
       Unarmed           |     6 |       ||     6
       Tailslap          |     8 |    23 ||    31
       Falchion          |       |    30 ||    30
 Cast: Flame Tongue      |    21 |    72 ||    93
       Sticky Flame      |       |     1 ||     1
Evoke: Wand              |       |     2 ||     2
  Use: Scroll            |     3 |       ||     3
       Potion            |       |     1 ||     1
 Stab: Sleeping          |     1 |       ||     1
  Eat: Chunk             |     4 |     9 ||    13
Armor: Skin              |    34 |    83 ||   117
Dodge: Dodged            |    52 |   124 ||   176
       Rpst.: Falchion   |       |     8 ||     8
